Map: The Vermillion Problem

Players

Jodle

  • Race: Protoss Protoss
  • Spawn Location: 11:00

NamroodTuo

  • Race: Terran Terran
  • Spawn Location: 11:00

VOD

Have the link to the VOD?

Description

Time

  • Played on: April 6, 2023, 5:13 p.m.
  • Length: 31:23
Show
View Real Time Build Order
Export as new Build Order

Jodle Protoss 

Build Orders:  

Get SALT Encoding   

  12  0:01  Probe (Chrono Boost)  
  13  0:13  Probe (Chrono Boost)  
  14  0:29  Pylon  
  14  0:38  Assimilator  
  14  0:43  Assimilator  
  14  0:46  Probe (Chrono Boost)  
  15  0:58  Probe (Chrono Boost)  
  16  1:13  Gateway  
  16  1:26  Probe (Chrono Boost)  
  17  1:39  Probe (Chrono Boost)  
  17  1:45  Forge  
  18  1:51  Probe (Chrono Boost)  
  19  2:11  Pylon  
  19  2:14  Pylon  
  19  2:16  Probe (Chrono Boost)  
  20  2:28  Probe (Chrono Boost)  
  21  2:40  Probe (Chrono Boost)  
  22  2:52  Probe (Chrono Boost)  
  22  2:53  Cybernetics Core  
  23  3:04  Probe (Chrono Boost)  
  24  3:16  Probe (Chrono Boost)  
  25  3:28  Photon Cannon  
  25  3:31  Photon Cannon  
  25  3:34  Photon Cannon  
  25  3:51  Pylon  
  25  3:58  Stargate  
  25  4:11  Probe (Chrono Boost)  
  26  4:23  Probe (Chrono Boost)  
  27  4:35  Probe (Chrono Boost)  
  28  4:42  Stargate  
  28  4:46  Stargate  
  28  5:02  Photon Cannon  
  28  5:04  Photon Cannon  
  28  5:10  Photon Cannon  
  28  5:27  Pylon  
  28  5:28  Pylon  
  28  5:33  Probe (Chrono Boost)  
  29  5:45  Probe (Chrono Boost)  
  30  5:57  Probe (Chrono Boost)  
  31  6:09  Protoss Air Weapons Level 1  
  31  6:15  Protoss Shields Level 1  
  31  6:29  Fleet Beacon  
  31  7:07  Pylon  
  31  7:12  Pylon  
  31  7:15  Carrier  
  31  7:16  Carrier  
  43  8:20  Carrier  
  49  11:03  Carrier  
  49  11:13  Carrier  
  49  11:14  Pylon x2  
  49  11:17  Pylon  
  55  11:20  Pylon  
  55  11:21  Pylon  
  55  13:34  Carrier x2  
  61  14:16  Carrier  
  67  16:12  Carrier x2  
  73  19:29  Carrier  
  73  19:47  Carrier  
  73  19:48  Carrier  
  90  20:54  Carrier  
  96  21:40  Carrier  
  90  24:47  Carrier  
  90  25:05  Carrier  
  90  25:06  Carrier  
  108  25:38  Probe (Chrono Boost)  
  109  25:51  Pylon  
  109  25:52  Pylon  
  109  25:53  Probe (Chrono Boost)  
  109  25:55  Pylon  
  110  26:08  Probe (Chrono Boost)  
  111  26:22  Probe (Chrono Boost)  
  111  26:37  Probe (Chrono Boost)  
  106  29:26  Probe (Chrono Boost)  
  107  29:41  Probe (Chrono Boost)  
  108  29:56  Probe (Chrono Boost)  
  109  30:11  Probe (Chrono Boost)  
  104  30:25  Probe (Chrono Boost)  
Show
View Real Time Build Order
Export as new Build Order

NamroodTuo Terran 

Build Orders:  

Get SALT Encoding   

  12  0:05  SCV  
  13  0:17  SCV  
  14  0:29  Supply Depot  
  14  0:34  SCV  
  15  0:45  SCV  
  16  0:57  SCV  
  17  1:09  SCV  
  18  1:21  SCV  
  18  1:27  Supply Depot  
  19  1:35  SCV  
  20  1:50  Factory  
  20  2:02  SCV  
  21  2:11  Refinery  
  21  2:14  SCV  
  21  2:16  Refinery  
  22  2:39  SCV  
  23  2:51  SCV  
  24  3:03  SCV  
  24  3:09  Perdition Turret  
  25  3:15  SCV  
  26  3:23  Engineering Bay  
  26  3:26  SCV  
  27  3:34  Perdition Turret  
  27  3:38  SCV  
  28  3:50  SCV  
  28  3:59  Devastation Turret  
  29  4:21  Spinning Dizzy  
  29  4:28  Spinning Dizzy  
  29  4:35  Perdition Turret  
  29  4:36  Perdition Turret  
  29  4:54  Armory  
  29  4:59  Spinning Dizzy  
  29  5:06  Factory Tech Reactor, SCV  
  30  5:17  Devastation Turret  
  30  5:18  SCV  
  31  5:38  Upgrade Laser Drill Level 1  
  31  5:44  Supply Depot  
  31  5:47  Perdition Turret  
  31  5:54  Supply Depot  
  31  6:09  SCV  
  31  6:12  Devastation Turret  
  32  6:34  Advanced Optics  
  32  6:40  Supply Depot  
  32  7:14  Starport  
  32  7:24  Starport  
  32  7:47  Starport Tech Reactor  
  32  8:08  Supply Depot  
  32  8:22  Regenerative Bio-Steel  
  32  8:29  Perdition Turret  
  32  8:31  Perdition Turret x2  
  32  8:34  Perdition Turret  
  32  8:37  Pulse Amplifier  
  32  8:39  Perdition Turret  
  32  8:45  Wraith x2  
  36  9:03  Wraith  
  38  9:18  Science Vessel  
  38  9:19  Science Vessel, Supply Depot  
  38  9:29  Displacement Field  
  42  9:31  Terran Vehicle and Ship Weapons Level 1  
  42  9:38  Wraith  
  42  9:48  Devastation Turret  
  44  10:04  Spinning Dizzy, Devastation Turret  
  44  10:13  Wraith  
  46  10:53  Improved Nano-Repair  
  46  10:58  Science Vessel  
  46  10:59  Science Vessel  
  43  11:02  Wraith  
  49  11:25  Hi-Sec Auto Tracking  
  49  11:36  Wraith  
  49  11:41  Defensive Matrix  
  51  11:50  Terran Vehicle And Ship Armor Level 1  
  51  12:17  Wraith x3  
  57  12:52  SCV, Wraith x2  
  62  13:04  SCV  
  63  13:16  SCV  
  64  13:27  SCV  
  64  13:39  SCV  
  65  13:46  Perdition Turret  
  65  13:48  Perdition Turret  
  65  13:49  Perdition Turret  
  66  13:50  Perdition Turret  
  66  13:55  Perdition Turret  
  66  14:05  Terran Vehicle and Ship Weapons Level 2  
  66  14:09  Perdition Turret  
  65  14:10  Perdition Turret  
  65  14:11  Perdition Turret x2  
  65  14:12  Perdition Turret  
  65  14:14  Perdition Turret  
  65  14:16  Structure Armor  
  65  15:05  KMC Auto-Loaders  
  65  15:31  Command Center  
  65  15:36  Perdition Turret  
  65  15:43  Science Vessel x2  
  65  15:45  Wraith  
  71  16:27  Fire-Suppression Systems  
  71  16:39  Supply Depot  
  71  16:41  Wraith x2  
  71  16:42  Supply Depot  
  75  16:51  Terran Vehicle And Ship Armor Level 2  
  74  17:14  Supply Depot  
  74  17:17  Supply Depot  
  74  17:41  Perdition Turret  
  74  17:46  Supply Depot  
  74  17:51  Supply Depot  
  74  18:07  Perdition Turret  
  74  18:19  Supply Depot  
  74  18:23  Supply Depot  
  74  18:36  Perdition Turret x2  
  74  18:48  Science Vessel x2  
  74  18:49  Wraith  
  80  19:06  Devastation Turret  
  80  19:15  Perdition Turret  
  80  19:22  SCV  
  80  19:24  Wraith  
  83  19:31  Wraith x2  
  83  19:34  SCV  
  83  19:35  Spinning Dizzy  
  88  19:40  Perdition Turret  
  88  19:59  Wraith  
  88  20:04  Devastation Turret  
  88  20:05  Wraith  
  88  20:06  Wraith  
  94  20:32  Spinning Dizzy  
  94  20:34  Devastation Turret  
  94  20:37  SCV  
  95  20:47  Refinery  
  95  20:49  SCV  
  95  20:52  Refinery  
  95  20:53  Devastation Turret  
  96  21:01  SCV, Spinning Dizzy  
  96  21:04  Perdition Turret  
  97  21:13  SCV  
  98  21:24  SCV  
  99  21:36  SCV  
  100  22:00  Perdition Turret  
  98  22:42  Science Vessel  
  98  22:43  Science Vessel  
  98  22:44  Wraith  
  104  23:19  Wraith  
  104  23:25  Wraith x2  
  100  23:53  Wraith  
  102  24:00  Wraith x2  
  106  24:28  Wraith  
  106  24:35  Wraith  
  106  25:30  SCV  
  107  25:41  SCV  
  108  25:53  SCV  
  109  26:05  SCV  
  110  26:17  SCV  
  111  27:36  Wraith  
  111  27:37  Wraith x2  
  117  28:11  Wraith x2  
  117  28:12  Wraith  
  121  28:46  Wraith x2  
Tags
 
Add a new tag
Caveats
  • Supply blocks, unpowered buildings, or Contaminate may cause inaccurate times.
  • Supply counts are checked every 10 seconds.